 Dungeon Crawl Stone Soup version 0.31.0-12-g77e489cdc1 (webtiles) character file.

Game seed: 9803396896457176980

12652 booth the Mimic (level 11, -6/111 HPs)
             Began as a Black Draconian Shapeshifter on Feb 18, 2024.
             Was a High Priest of Wu Jian.
             Killed from afar by a lindwurm (41 damage)
             ... with a blast of flame
             ... on level 1 of the Lair of Beasts on Feb 19, 2024.
             The game lasted 01:19:26 (11909 turns).

booth the Mimic (Black Draconian Shapeshifter)     Turns: 11909, Time: 01:19:26

Health: -6/111     AC: 11    Str: 19    XL:     11   Next: 65%
Magic:  11/11      EV: 10    Int: 10    God:    Wu Jian [*****.]
Gold:   794        SH: 12    Dex: 13    Spells: 10/10 levels left

rFire   . . .        E - +0 war axe (flame)
rCold   . . .        N - +0 kite shield
rNeg    . . .        (body armour unavailable)
rPois   .            (helmet currently unavailable)
rElec   +            M - melded scarf {rC+ rF+}
rCorr   .            A - melded +2 pair of gloves {Dex+3}
SInv    .            G - melded +0 pair of boots
Will    .....        C - amulet of reflection
Stlth   +            h - +4 ring of protection
HPRegen 0.38/turn    (no ring)
MPRegen 0.12/turn

%: reflection
@: about to teleport, beast-form
A: beast (slay +4), breathe lightning, AC +7, unfitting armour, electricity
resistance, cold-blooded, antennae 2, fangs 1, talons 1, robust 1
a: Breathe Lightning, Begin Untransformation, Renounce Religion, Wall Jump,
Serpent's Lash, Heavenly Storm


You were on level 1 of the Lair of Beasts.
You worshipped Wu Jian.
Wu Jian was extremely pleased with you.
You were a hulking beast.
You visited 2 branches of the dungeon, and saw 11 of its levels.
You also visited: Sewer and Ossuary.

You collected 794 gold pieces.

Inventory:

Hand Weapons
 i - a +2 hand axe
 E - a +0 war axe of flaming (weapon)
 I - a +0 mace of protection
Missiles
 v - 18 poisoned darts
 x - 3 atropa-tipped darts
 y - 2 boomerangs (quivered)
Armour
 A - a +2 pair of gloves of dexterity (melded)
 G - a +0 pair of boots (melded)
 M - a scarf of resistance (melded)
 N - a +0 kite shield (worn)
Jewellery
 h - a +4 ring of protection (left hand)
 s - an amulet of the acrobat
 t - a ring of flight
 w - a ring of fire
 C - an amulet of reflection (around neck)
Talismans
 b - a beast talisman (active)
 P - a flux talisman
Wands
 c - a wand of mindburst (8)
 f - a wand of paralysis (2)
 q - a wand of flame (25)
 u - a wand of quicksilver (8)
 L - a wand of iceblast (18)
Scrolls
 j - a scroll of teleportation
 m - a scroll of butterflies
 n - 2 scrolls of amnesia
 p - a scroll of torment
 D - a scroll of revelation
 J - 3 scrolls of fog
Potions
 a - a potion of lignification
 d - 3 potions of brilliance
 e - a potion of invisibility
 k - a potion of resistance
 l - 2 potions of attraction
 r - 2 potions of curing
 z - a potion of magic
 F - 2 potions of ambrosia
 H - a potion of haste
 K - 2 potions of enlightenment
 O - 3 potions of cancellation
 Q - a potion of might


   Skills:
 + Level 10.8 Fighting
 * Level 5.8 Axes
 - Level 1.7 Dodging
 - Level 6.5 Unarmed Combat
 * Level 13.0 Shapeshifting


You had 10 spell levels left.
You didn't know any spells.
Your spell library contained the following spells:

 Spells                   Type           Power      Damage    Failure   Level
 Magic Dart               Conj           0%         1d3       73%         1
 Blink                    Tloc           0%         N/A       86%         2
 Call Imp                 Summ           0%         N/A       86%         2
 Dazzling Flash           Conj/Hex       0%         N/A       97%         3
 Hailstorm                Conj/Ice       0%         3d5       97%         3
 Mephitic Cloud           Conj/Alch/Air  0%         N/A       97%         3
 Summon Ice Beast         Ice/Summ       0%         N/A       97%         3
 Curse of Agony           Necr           0%         N/A       100%        5
 Silence                  Hex/Air        0%         N/A       100%        5
 Sculpt Simulacrum        Ice/Alch       0%         N/A       100%        6


Dungeon Overview and Level Annotations

Branches:
Dungeon (10/15)            Temple (0/1) D:4            Lair (1/5) D:10
  Sewer (visited)         Ossuary (visited)
    Orc: D:9-12

Altars:
Ashenzari
Dithmenos
Elyvilon
Fedhas
Gozag
Hepliaklqana
Kikubaaqudgha
Makhleb
Nemelex Xobeh
Okawaru
Qazlal
Sif Muna
Trog
Wu Jian
The Shining One


Innate Abilities, Weirdness & Mutations

You are a hulking beast.
Your limbs bulge with bestial killing power. (Slay +4)
You can breathe wild blasts of lightning.
Your glossy black scales are hard. (AC +7)
You cannot fit into any form of body armour.
You are resistant to electric shocks. (rElec)
You are cold-blooded and may be slowed by cold attacks.
You have a pair of antennae on your head.
You have very sharp teeth.
You have sharp toenails.
You are robust. (+10% HP)


Message History

The lindwurm breathes flames at you. The blast of flame hits you!!
The lindwurm breathes flames at you. The blast of flame hits you!!
You spin to attack the lindwurm, but your attack speed is too slow for a blow to land.
You spin and attack the lindwurm.
You hit the lindwurm. You burn the lindwurm.
The lindwurm is severely wounded.
You block the lindwurm's attack. The lindwurm claws you. x2
The lindwurm bites you.
* * * LOW HITPOINT WARNING * * *
The lindwurm claws you.
* * * LOW HITPOINT WARNING * * *
The lindwurm closely misses you.
You slash the lindwurm! You burn the lindwurm. You claw the lindwurm.
You tail-slap the lindwurm.
The lindwurm is heavily wounded.
You hit the lindwurm but do no damage. The lindwurm bites you!
* * * LOW HITPOINT WARNING * * *
The lindwurm claws you but does no damage.
The lindwurm closely misses you. The lindwurm bites you!
* * * LOW HITPOINT WARNING * * *
The lindwurm claws you.
* * * LOW HITPOINT WARNING * * *
You block the lindwurm's attack.
You feel much better. The lindwurm closely misses you.
You block the lindwurm's attack. x2; The lindwurm bites you!
* * * LOW HITPOINT WARNING * * *
The lindwurm claws you.
* * * LOW HITPOINT WARNING * * *
The lindwurm claws you.
* * * LOW HITPOINT WARNING * * *
Blink to where?
Press: ? - help, Dir - move target
As you read the scroll of blinking, it crumbles to dust.
As you read the scroll of teleportation, it crumbles to dust.
You feel strangely unstable.
You feel much better. The lindwurm breathes flames at you.
The blast of flame hits you!!!
You die...

....# .## .#...#### #######
..≈#
........######§#≈#≈#§§.#
♣..........k.k§...##
#♣..".....k......§§.
♣........##.≈≈≈#§§#
#♣.........###### #
.♣♣♣..........#
........h.....#
#..###........# ......#
#######'## ##+...P## ###...#
##..≈~...## #.#+#.#
#.~~~≈≈~..### #.#.#.###
..~~≈≈≈~....# ##.#.....###
..~≈≈≈~~...# ##..........#
.≈~≈≈~≈....###......#.#.....


You could see 2 lindwurms.

Vanquished Creatures
  A two-headed ogre (D:8)
  Maurice (D:10)
  A black mamba (Lair:1)
  A smoke demon (D:10)
  2 komodo dragons
  3 trolls
  2 polar bears (D:10)
  5 slime creatures (D:9)
  2 wyverns
  A vampire (D:10)
  18 yaks
  A basilisk (Lair:1)
  4 vampire mosquitoes (D:10)
  Menkaure (D:7)
  An acid dragon (D:10)
  4 water moccasins
  A black bear (Lair:1)
  3 ice beasts
  4 orc warriors
  An ogre (D:8)
  A centaur (D:5)
  A phantom (D:6)
  A kobold brigand (D:10)
  An elf zombie (Ossuary)
  5 bullfrogs
  A gnoll sergeant (D:6)
  5 scorpions
  6 wights (D:9)
  8 killer bees
  11 howler monkeys
  4 centaur zombies (Ossuary)
  2 bombardier beetles (D:5)
  2 human zombies (Ossuary)
  2 gnoll boudas
  6 orc priests
  A sleepcap (D:7)
  2 hounds (D:5)
  Jessica (D:2)
  3 iguanas
  Natasha (thrice) (D:3)
  6 orc wizards
  7 hound zombies (Ossuary)
  2 mummies (Ossuary)
  7 adders
  16 gnolls
  A shadow imp (D:6)
  A white imp (D:6)
  2 ufetubi (D:5)
  3 adder zombies (Ossuary)
  9 dart slugs
  A ribbon worm (D:5)
  48 orcs
  7 bats
  17 endoplasms
  18 giant cockroaches
  8 goblins
  5 hobgoblins
  6 kobolds
  5 quokkas
  13 ball pythons
  7 frilled lizards
  4 gnoll zombies (Ossuary)
  4 jackal zombies (Ossuary)
  7 kobold zombies (Ossuary)
  5 orc zombies (Ossuary)
  2 quokka zombies (D:5)
  6 rats
  A spectral orc (D:4)
341 creatures vanquished.

Notes
Turn   | Place    | Note
-------+----------+-------------------------------------------
     0 | D:1      | booth the Draconian Shapeshifter began the quest for the
                  | Orb.
     0 | D:1      | Reached XP level 1. HP: 16/16 MP: 1/1
   232 | D:1      | Reached XP level 2. HP: 22/23 MP: 2/2
   549 | D:1      | Found a faded altar of an unknown god.
   627 | D:2      | Noticed Jessica
   635 | D:2      | Killed Jessica
   636 | D:2      | Reached XP level 3. HP: 21/29 MP: 3/3
   695 | D:2      | Reached skill level 4 in Shapeshifting
  1223 | D:3      | Reached XP level 4. HP: 37/37 MP: 4/4
  1560 | D:3      | Noticed Natasha
  1574 | D:3      | Killed Natasha
  1647 | D:3      | Noticed Natasha
  1653 | D:3      | Reached XP level 5. HP: 36/45 MP: 5/5
  1660 | D:3      | Killed Natasha
  1662 | D:3      | Reached skill level 5 in Shapeshifting
  1716 | D:3      | Noticed Natasha
  1765 | D:3      | Found an iron altar of Okawaru.
  1766 | D:3      | Found an ornate altar of the Wu Jian Council.
  1787 | D:3      | Became a worshipper of the Wu Jian Council
  1915 | D:3      | Killed Natasha
  2129 | D:4      | Found a staircase to the Ecumenical Temple.
  2185 | D:4      | Reached XP level 6. HP: 49/52 MP: 6/6
  2419 | D:4      | Found a glowing drain.
  2441 | Sewer    | Entered a sewer
  2532 | Sewer    | Reached * piety under Wu Jian
  2582 | Sewer    | Reached skill level 6 in Shapeshifting
  2825 | Sewer    | Reached ** piety under Wu Jian
  2834 | Sewer    | Your scales start taking on a glossy black colour.
  2834 | Sewer    | Reached XP level 7. HP: 56/60 MP: 7/7
  2834 | Sewer    | Gained mutation: You are resistant to electric shocks.
                  | (rElec) [Black Draconian growth]
  2977 | D:4      | Found a hazy altar of Hepliaklqana.
  3071 | D:4      | Reached skill level 5 in Fighting
  3384 | D:4      | Found a shimmering blue altar of Sif Muna.
  3401 | D:4      | You fall into a shaft and drop 3 floors!
  3433 | D:5      | Entered Level 5 of the Dungeon
  3753 | D:5      | Reached skill level 7 in Shapeshifting
  3834 | D:5      | Found an opulent altar of Gozag.
  3899 | D:5      | Reached XP level 8. HP: 53/70 MP: 8/8
  4078 | D:5      | Found a sand-covered staircase.
  4093 | Ossuary  | Entered an ossuary
  4121 | Ossuary  | Reached *** piety under Wu Jian
  4309 | Ossuary  | Reached skill level 8 in Shapeshifting
  4588 | D:5      | Reached **** piety under Wu Jian
  5435 | D:6      | Reached skill level 9 in Shapeshifting
  5435 | D:6      | Reached XP level 9. HP: 76/79 MP: 9/9
  5741 | D:6      | Gained mutation: You have a pair of small antennae on your
                  | head. [potion of mutation]
  5741 | D:6      | Gained mutation: Potions are less effective at restoring
                  | your health. [potion of mutation]
  5741 | D:6      | Gained mutation: Your health recovers twice as slowly from
                  | being drained. [potion of mutation]
  5741 | D:6      | Gained mutation: You have sharp toenails. [potion of
                  | mutation]
  5742 | D:6      | Lost mutation: Potions are less effective at restoring your
                  | health. [potion of mutation]
  5742 | D:6      | Lost mutation: Your health recovers twice as slowly from
                  | being drained. [potion of mutation]
  5742 | D:6      | Gained mutation: You have a pair of antennae on your head.
                  | [potion of mutation]
  5742 | D:6      | Gained mutation: You are robust. (+10% HP) [potion of
                  | mutation]
  5742 | D:6      | Gained mutation: You have very sharp teeth. [potion of
                  | mutation]
  5982 | D:7      | Reached skill level 5 in Unarmed Combat
  6165 | D:7      | Reached skill level 10 in Shapeshifting
  6513 | D:7      | Noticed Menkaure
  6519 | D:7      | Killed Menkaure
  6781 | D:7      | Noticed a troll
  6790 | D:7      | Killed a troll
  6791 | D:7      | Reached XP level 10. HP: 72/99 MP: 10/10
  7541 | D:8      | Noticed a two-headed ogre
  7558 | D:8      | Killed a two-headed ogre
  7559 | D:8      | Reached skill level 1 in Axes
  7559 | D:8      | Reached skill level 11 in Shapeshifting
  8068 | D:8      | Found a stormy altar of Qazlal.
  8078 | D:8      | Found a blossoming altar of Fedhas.
  8374 | D:8      | Reached ***** piety under Wu Jian
  8921 | D:9      | Found an ancient bone altar of Kikubaaqudgha.
  9137 | D:9      | Reached XP level 11. HP: 104/108 MP: 11/11
  9139 | D:9      | Reached skill level 12 in Shapeshifting
  9283 | D:9      | Reached skill level 10 in Fighting
  9799 | D:10     | Entered Level 10 of the Dungeon
  9824 | D:10     | Noticed Maurice
  9834 | D:10     | Something stole a ring of fire
  9835 | D:10     | Something stole 10 poisoned darts
  9839 | D:10     | Something stole a flux talisman
  9844 | D:10     | Killed Maurice
 10220 | D:10     | Found a staircase to the Lair.
 10294 | D:10     | Found a burning altar of Makhleb.
 10501 | D:10     | Found a glowing golden altar of the Shining One.
 10539 | D:10     | Identified the +2 long sword "Toush" {protect, Fly rN+
                  | SInv}
 10580 | D:10     | Reached skill level 5 in Axes
 10581 | D:10     | Found a bloodstained altar of Trog.
 10804 | D:10     | Found a broken altar of Ashenzari.
 11545 | D:10     | Found a shadowy altar of Dithmenos.
 11545 | D:10     | Found a sparkling altar of Nemelex Xobeh.
 11547 | D:10     | Found a white marble altar of Elyvilon.
 11625 | Lair:1   | Entered Level 1 of the Lair of Beasts
 11636 | Lair:1   | Reached skill level 13 in Shapeshifting
 11894 | Lair:1   | Noticed a lindwurm
 11899 | Lair:1   | Noticed a lindwurm
 11904 | Lair:1   | HP: 3/111 [lindwurm (3)]
 11909 | Lair:1   | Killed from afar by a lindwurm

Illustrated notes

Levels and vault maps discovered:
D:1:      scummos_arrival_simple_fountains, layout_rooms,
          shapermc_ecumenical_altar_notcrosses
D:2:      layout_rooms, uniq_jessica
D:3:      layout_rooms, mainiacjoe_overflow_divided_tiny, amethyst_killhole,
          uniq_natasha
D:4:      layout_loops_ring, nicolae_hepliaklqana_monster_ancestors,
          lemuel_round_altar, minmay_temple_entry_statues,
          cheibrodos_sewer_entry_drain, kennysheep_generic_room_8
D:5:      layout_cave_pools, grunt_gozag_statues, enter_ossuary_4,
          nicolae_kite_square_tiling_tiny
D:6:      layout_loops_ring
D:7:      layout_loops_corners, uniq_menkaure
D:8:      layout_cave_pods, grunt_temple_overflow_forces_of_nature, special_room
          [special_room_orc]
D:9:      layout_long_grid, mainiacjoe_overflow_catwalk
D:10:     layout_stronghold, demons_altar, ashenzari_altar_1,
          mainiacjoe_overflow_alcove_2, trog_ov_bears_minmay,
          nicolae_overflow_hidden_temple, david_lair_shrubbed, uniq_maurice
Lair:1:   layout_roguey, minivault_27, hangedman_lair_unloving_vines,
          minmay_stone_trees_small, nicolae_lair_lindhole, grunt_megastairs_2,
          infiniplex_staircase_pool

Skill      XL: |  1  2  3  4  5  6  7  8  9 10 11 |
---------------+----------------------------------+-----
Fighting       | 2 3 4 5 7 8 9 10 | 10.8
Shapeshifting  | 4 5 6 7 9 10 11 13 | 13.0
Unarmed Combat | 4 6 |  6.5
Axes           | 3 5 |  5.8
Dodging        | |  1.7

Action                     |  1- 3 |  4- 6 |  7- 9 | 10-12 || total
---------------------------+-------+-------+-------+-------++-------
  Melee: Unarmed           |    25 |       |   444 |   492 ||   961
         Tailslap          |     6 |    18 |    98 |    90 ||   212
         Dagger            |    44 |   181 |   100 |       ||   325
         Punch             |       |     1 |     5 |       ||     6
         Bite              |       |       |    17 |    79 ||    96
         War axe           |       |       |       |    18 ||    18
         Kick              |       |       |       |    12 ||    12
  Throw: Dart              |       |    17 |       |       ||    17
         Boomerang         |       |     4 |     1 |       ||     5
 Invoke: Serpent's Lash    |       |       |       |     1 ||     1
Ability: Lunge             |       |    25 |    50 |    32 ||   107
         Whirlwind         |       |    22 |   261 |   264 ||   547
         Wall Jump         |       |       |       |     6 ||     6
    Use: Scroll            |     2 |     3 |     9 |     8 ||    22
         Potion            |       |     1 |     4 |     3 ||     8
   Stab: Invisible         |       |     2 |       |       ||     2
 Armour: Skin              |    28 |    66 |   198 |   236 ||   528
  Dodge: Dodged            |    21 |    97 |   256 |   258 ||   632
  Block: Other             |       |       |    95 |    98 ||   193
         Reflection        |       |       |     1 |       ||     1
         Kite shield       |       |       |       |    23 ||    23
   Form: Flux              |       |       |     1 |       ||     1
         Beast             |       |       |       |     1 ||     1
